 Dungeon Crawl Stone Soup version 0.31-a0-596-g831eee08f1 (webtiles) character file.

Game seed: 9210669610925990184

28 Zonian the Changeling (level 3, 0/27 HPs)
             Began as a Merfolk Shapeshifter on Aug 20, 2023.
             Slain by Sigmund
             ... wielding a +0 scythe
              (5 damage)
             ... on level 2 of the Dungeon.
             The game lasted 00:02:26 (1288 turns).

Zonian the Changeling (Merfolk Shapeshifter)        Turns: 1288, Time: 00:02:27

Health: 0/27       AC:  5    Str: 17    XL:     3   Next: 12%
Magic:  3/3        EV: 11    Int:  7    God:
Gold:   54         SH:  0    Dex: 14    Spells: 2/2 levels left

rFire   . .          .
                       - Unarmed
rCold   . . .        (no shield)
rNeg    . . .        i - +0 ring mail
rPois   .            (helmet currently unavailable)
rElec   .            (cloak currently unavailable)
rCorr   .            (gloves currently unavailable)
SInv    .            (boots currently unavailable)
Will    .....        (no amulet)
Stlth   +            (no ring)
HPRegen 0.24/turn    (no ring)
MPRegen 0.08/turn

%: no passive effects
@: beast-form
A: beast (slay +2), (nimble swimmer 2), mertail
a: Begin Untransformation


You were on level 2 of the Dungeon.
You were a hulking beast.
You visited 1 branch of the dungeon, and saw 2 of its levels.

You collected 54 gold pieces.

Inventory:

Hand Weapons
 j - a +0 whip of electrocution
 k - a +1 dagger of venom
Armour
 a - a +0 animal skin
 g - a +0 cloak
 i - a +0 ring mail (worn)
Talismans
 c - a beast talisman (active)
 d - a flux talisman
Scrolls
 e - a scroll of noise
 h - a scroll of amnesia
Potions
 b - a potion of lignification


   Skills:
 + Level 1.9 Fighting
 + Level 3.3 Dodging
 + Level 3.6 Unarmed Combat
 + Level 4.3 Shapeshifting


You had 2 spell levels left.
You didn't know any spells.
Your spell library was empty.

Dungeon Overview and Level Annotations

Branches:
Dungeon (2/15)

Altars:

Annotations:
D:2 Sigmund


Innate Abilities, Weirdness & Mutations

You are a hulking beast.
Your limbs bulge with bestial killing power. (Slay +2)
((You are very nimble when in or above water. (Stealth+, EV+, Speed+++)))
Your lower body shifts to a powerful aquatic tail in water.


Message History

It was a scroll of noise.
You hear an angry hiss.
You hear a shout! x3
As you read the scroll labelled SIOTUODALE, it crumbles to dust.
It is a scroll of identify.
h - a scroll of amnesia A hobgoblin comes into view.
Something tries to affect you, but you resist.
A rat comes into view.
An adder zombie comes into view.
A ball python zombie comes into view.
Something hits you. Something hits you.
You completely miss the hobgoblin. You barely miss the hobgoblin.
The hobgoblin completely misses you. Something hits you!
You hit the hobgoblin.
The hobgoblin is poisoned.
The hobgoblin is severely wounded.
You kill the hobgoblin!
Something hits you.
The adder zombie bites you but does no damage.
You closely miss the adder zombie.
The adder zombie bites you but does no damage.
You closely miss the adder zombie.
The adder zombie bites you but does no damage.
You completely miss the adder zombie.
The adder zombie bites you but does no damage.
Okay, then.
Okay, then.
Okay, then.
Your +1 dagger of venom stops dripping with poison.
You are now empty-handed.
You hit the adder zombie.
The adder zombie is lightly damaged.
The adder zombie bites you but does no damage.
Something hits you.
* * * LOW HITPOINT WARNING * * *
You hit the adder zombie.
The adder zombie is heavily damaged.
The adder zombie misses you. Something hits you.
You die...

####.#....#####
##
#.......[......
#.##.#)#....# #
#.#.#..#.. #
#.#.)..#
#.##.###..####.
+...Z{.Z{.......
####Z###..####..
#h# #..... #.#
#..##... #.#
.... ## #..
...#. ### #.##..
.# .#


You could see a ball python zombie and an adder zombie.

Vanquished Creatures
  3 bats (D:1)
  2 endoplasms (D:1)
  2 giant cockroaches
  2 goblins
  4 hobgoblins
  2 quokkas (D:2)
  3 ball pythons (D:1)
  A ball python skeleton (D:2)
  A ball python zombie (D:2)
  4 kobolds
24 creatures vanquished.

Notes
Turn   | Place    | Note
-------+----------+-------------------------------------------
     0 | D:1      | Zonian the Merfolk Shapeshifter began the quest for the
                  | Orb.
     0 | D:1      | Reached XP level 1. HP: 15/15 MP: 1/1
   212 | D:1      | Reached XP level 2. HP: 14/21 MP: 2/2
  1208 | D:2      | Reached XP level 3. HP: 24/27 MP: 3/3
  1266 | D:2      | Noticed Sigmund
  1288 | D:2      | Slain by Sigmund

Illustrated notes

Levels and vault maps discovered:
D:1:      spicycebolla_arrival_ecumenical, layout_basic, hangedman_decor_push,
          minmay_misc_feat_doors, minmay_splitting_lines
D:2:      layout_basic, serial_undead, serial_undead_d, serial_undead_a,
          serial_undead_d, serial_undead_e, basic_altar,
          minmay_misc_feat_more_columns, kennysheep_crisscross,
          bh_walls_and_bars, uniq_sigmund

Skill      XL: |  1 |
---------------+----+-----
Dodging        | 3 |  3.3
Fighting       | |  1.9
Unarmed Combat | |  3.6
Shapeshifting  | |  4.3

Action                     || total
---------------------------++-------
  Melee: Unarmed           ||    56
         Punch             ||     1
         Dagger            ||    14
    Use: Scroll            ||     2
 Armour: Animal skin       ||     6
         Ring mail         ||    16
  Dodge: Dodged            ||    42

Table legend: (Time is in decaauts)
 A = Elapsed time spent in this place.
 B = Non-inter-level travel time spent in this place.
 C = Inter-level travel time spent in this place.
 D = Time resting spent in this place.
 E = Time spent auto-exploring this place.
 F = Levels seen in this place.
 G = Mean time per level.
                   A        B        C        D        E       F      G
               +--------+--------+--------+--------+--------+-----+--------+
         Total |   1282 |   1228 |     54 |    259 |    710 |   2 |  641.0 |
       Dungeon |   1282 |   1228 |     54 |    259 |    710 |   2 |  641.0 |
               +--------+--------+--------+--------+--------+-----+--------+

Top non-repeatable levels by time:
     D:1: 1000 daAuts
     D:2: 282 daAuts
